 Dungeon Crawl Stone Soup version 0.28-a0-1555-g9ae15a6949 (webtiles) character file.

Game seed: 5622258456548796735

56 mordus the Shield-Bearer (level 4, -2/35 HPs)
             Began as a Formicid Fighter on Jan 18, 2022.
             Slain by a gnoll (9 damage)
             ... on level 2 of the Dungeon.
             The game lasted 00:01:42 (1130 turns).

mordus the Shield-Bearer (Formicid Fighter)         Turns: 1130, Time: 00:01:43

Health: -2/35      AC:  7    Str: 23    XL:     4   Next: 15%
Magic:  4/4        EV: 10    Int:  7    God:
Gold:   75         SH:  4    Dex: 10    Spells: 3/3 levels left

rFire   . . .      SeeInvis +   a - +0 long sword
rCold   . . .      Faith    .   c - +0 buckler
rNeg    . . .      Spirit   .   i - +4 leather armour "Trusted Companion" {rElec}
rPois   .          Reflect  .   (helmet unavailable)
rElec   +          Harm     .   (no cloak)
rCorr   .          Rampage  .   (no gloves)
Will    .....                   (no boots)
Stlth   +.........              (no amulet)
HPRegen 0.11/turn               (no ring)
MPRegen 0.09/turn               (no ring)

@: no status effects
A: permanent stasis, dig shafts and tunnels, antennae 3, four strong arms
a: Dig, Shaft Self


You were on level 2 of the Dungeon.
You visited 1 branch of the dungeon, and saw 2 of its levels.

You collected 75 gold pieces.

Inventory:

Hand Weapons
 a - a +0 long sword (weapon)
Armour
 b - a +0 scale mail
 c - a +0 buckler (worn)
 i - the +4 leather armour "Trusted Companion" (worn) {rElec}
   (You found it on level 2 of the Dungeon)

   rElec:     It insulates you from electricity.
Scrolls
 f - a scroll of vulnerability {unknown}
 g - a scroll of amnesia {unknown}
 h - a scroll of fog {unknown}
Potions
 d - a potion of might
 e - a potion of degeneration {unknown}


   Skills:
 - Level 3.2 Fighting
 * Level 3.2 Long Blades
 + Level 3.8 Armour
 + Level 4.2 Shields


You had 3 spell levels left.
You didn't know any spells.
Your spell library was empty.

Dungeon Overview and Level Annotations

Branches:
Dungeon (2/15)

Altars:
Nemelex Xobeh


Innate Abilities, Weirdness & Mutations

You cannot be hasted, slowed, berserked, paralysed or teleported.
You can dig through walls and to a lower floor.
You have a pair of large antennae on your head. (SInv)
Your four strong arms can wield two-handed weapons with a shield.


Message History

You hit the gnoll.
The gnoll is severely wounded.
The gnoll barely misses you. The gnoll hits you but does no damage.
The gnoll barely misses you.
You slash the gnoll!
You kill the gnoll!
You hit the gnoll but do no damage. The gnoll closely misses you. x2
You barely miss the gnoll. The gnoll hits you but does no damage.
You block the gnoll's attack. The gnoll hits you with a +0 club.
You closely miss the gnoll. The gnoll misses you.
The gnoll hits you with a +0 club.
You completely miss the gnoll. You block the gnoll's attack.
The gnoll closely misses you. x2
You closely miss the gnoll. The gnoll barely misses you. x2
The gnoll hits you but does no damage.
You barely miss the gnoll.
The gnoll hits you from afar with a +0 halberd!
The gnoll closely misses you.
The gnoll hits you from afar with a +0 halberd.
You hit the gnoll.
The gnoll is moderately wounded.
The gnoll completely misses you. The gnoll closely misses you.
You closely miss the gnoll.
The gnoll is moderately wounded.
The gnoll hits you with a +0 club.
* * * LOW HITPOINT WARNING * * *
The gnoll hits you from afar with a +0 halberd.
* * * LOW HITPOINT WARNING * * *
You slash the gnoll!
You kill the gnoll!
The gnoll barely misses you.
You have reached level 4!
You feel stronger. The gnoll closely misses you. The gnoll barely misses you.
You hit the gnoll but do no damage. The gnoll hits you but does no damage.
You barely miss the gnoll. The gnoll hits you with a +0 halberd.
* * * LOW HITPOINT WARNING * * *
The gnoll hits you with a +0 halberd!
You die...

...# #.................. ... ...#
#.# #........... ### ...# #.#
##.......... ...# #.# #..........
.†.# #.# #.......... ..†#### #.#
##......... .(....# #.#
#.........
#####.###.########.)#############
.............Sgg@........>.......
#####.#############..####.#######
#+# ##.## #.# #.. #.÷# #.# #.#
##.# #.# #.# #.###.# #.# #..##.#
#.# ####.##.# #.# #.....#.#####'#


You could see 2 gnolls and an adder.

Vanquished Creatures
  2 gnolls (D:2)
  A worm (D:2)
  A dart slug (D:1)
  3 ball pythons
  2 bats (D:1)
  3 endoplasms
  A goblin (D:2)
  5 hobgoblins (D:2)
  A jackal (D:2)
  A quokka (D:2)
  2 frilled lizards (D:1)
  4 kobolds
  4 rats
30 creatures vanquished.

Notes
Turn   | Place    | Note
-------+----------+-------------------------------------------
     0 | D:1      | mordus the Formicid Fighter began the quest for the Orb.
     0 | D:1      | Reached XP level 1. HP: 18/18 MP: 1/1
   249 | D:1      | Reached XP level 2. HP: 22/24 MP: 2/2
   511 | D:1      | Found a faded altar of an unknown god.
   520 | D:1      | Found a faded altar of an unknown god.
   756 | D:2      | Found a sparkling altar of Nemelex Xobeh.
   781 | D:2      | Reached XP level 3. HP: 25/29 MP: 3/3
   844 | D:2      | Reached skill level 4 in Shields
   904 | D:2      | Identified the +4 leather armour "Trusted Companion"
                  | {rElec}
  1096 | D:2      | Reached XP level 4. HP: 8/35 MP: 4/4
  1130 | D:2      | Slain by a gnoll

Illustrated notes

Levels and vault maps discovered:
D:1:      lightli_arrival_isolated_outpost, layout_basic,
          hellmonk_ecumenical_altar_the_god_not_taken
D:2:      layout_basic, basic_altar, minmay_cupped

Skill      XL: |  1  2  3 |
---------------+----------+-----
Shields        | 4 |  4.2
Long Blades    | 3 |  3.2
Fighting       | |  3.2
Armour         | |  3.8

Action                   |  1- 3 |  4- 6 || total
-------------------------+-------+-------++-------
Melee: Long sword        |    69 |     2 ||    71
Armor: Scale mail        |    18 |       ||    18
       Leather armour    |     5 |     1 ||     6
Dodge: Dodged            |    36 |     2 ||    38
Block: Buckler           |    14 |       ||    14

Table legend: (Time is in decaauts)
 A = Elapsed time spent in this place.
 B = Non-inter-level travel time spent in this place.
 C = Inter-level travel time spent in this place.
 D = Time resting spent in this place.
 E = Time spent auto-exploring this place.
 F = Levels seen in this place.
 G = Mean time per level.
                   A        B        C        D        E       F      G
               +--------+--------+--------+--------+--------+-----+--------+
         Total |   1154 |   1140 |     14 |      0 |    902 |   2 |  577.0 |
       Dungeon |   1154 |   1140 |     14 |      0 |    902 |   2 |  577.0 |
               +--------+--------+--------+--------+--------+-----+--------+

Top non-repeatable levels by time:
     D:1: 653 daAuts
     D:2: 501 daAuts
